 Dungeon Crawl Stone Soup version 0.24-a0-375-g4de66ed42b (webtiles) character file.

Game seed: 16922669876791106084

244 emperorscorpion the Skirmisher (level 5, -4/64 HPs)
             Began as a Demonspawn Berserker on May 31, 2019.
             Was a Believer of Trog.
             Slain by a gnoll
             ... wielding a +0 spear
              (7 damage)
             ... on level 4 of the Dungeon.
             The game lasted 00:04:23 (386 turns).

emperorscorpion the Skirmisher (DsBe)                Turns: 386, Time: 00:04:24

Health: -4/64      AC:  5    Str: 23    XL:     5   Next: 83%
Magic:  0/5        EV: 12    Int:  9    God:    Trog [**....]
Gold:   72         SH:  0    Dex: 12    Spells: 4/4 levels left

rFire    + . .     SeeInvis .   a - +0 spear
rCold    . . .     Gourm    .   (no shield)
rNeg     . . .     Faith    .   e - +1 leather armour
rPois    .         Spirit   +   (no helmet)
rElec    .         Reflect  .   (no cloak)
rCorr    .         Harm     .   k - +0 pair of gloves
MR       .....                  (no boots)
Stlth    ..........             (no amulet)
HPRegen  0.20/turn              n - ring of protection from fire
MPRegen  0.09/turn              (no ring)

@: berserking, very quick
A: talons 2, magic shield
a: Berserk, Trog's Hand, Renounce Religion


You were on level 4 of the Dungeon.
You worshipped Trog.
Trog was pleased with you.
You were hungry.

You visited 1 branch of the dungeon, and saw 4 of its levels.

You collected 72 gold pieces.

Inventory:

Hand Weapons
 a - a +0 spear (weapon)
Missiles
 g - a throwing net (quivered)
Armour
 b - a +0 animal skin
 e - a +1 leather armour (worn)
 k - a +0 pair of gloves (worn)
Jewellery
 n - a ring of protection from fire (left hand)
Scrolls
 d - a scroll of magic mapping {unknown}
 f - a scroll of enchant weapon {unknown}
 m - 2 scrolls of remove curse
Potions
 h - a potion of curing {unknown}
 j - a potion of mutation {unknown}
 l - 2 potions of brilliance {unknown}
Comestibles
 c - 3 rations
 i - 5 chunks of flesh


   Skills:
 + Level 4.5 Fighting
 + Level 4.4 Polearms
 + Level 2.4 Armour
 + Level 2.3 Dodging
 + Level 0.5 Stealth


You had 4 spell levels left.
You didn't know any spells.
Your spell library was empty.

Dungeon Overview and Level Annotations

Branches:
Dungeon (4/15)
 Temple: D:4-7

Altars:


Innate Abilities, Weirdness & Mutations

You have razor-sharp toenails.
When hurt, damage is shared between your health and your magic reserves.


Message History

The gnoll closely misses you. The gnoll hits you with a +0 club.
* * * LOW HITPOINT WARNING * * *
The gnoll barely misses you.
Unknown command.
You puncture the gnoll!
You kill the gnoll!
Trog accepts your kill.
You can now call upon Trog for regeneration and magic resistance.
You puncture the gnoll! You claw the gnoll.
You kill the gnoll!
Trog accepts your kill. The gnoll closely misses you.
You hit the gnoll. Your kick misses the gnoll.
The gnoll is moderately wounded.
The gnoll hits you with a +0 flail!
* * * LOW HITPOINT WARNING * * *
You barely miss the gnoll. Your kick misses the gnoll.
The gnoll is moderately wounded.
The gnoll hits you from afar with a +0 spear!
You die...

#.....#....###
#####.#..#.#
##########.#....#
...........#..### #$
###....####..#..#
#..#.####.........>#####
#..g#.####.#..##.>....
#sg))....##.##......
#g..#@#######.##.#####
.s# ### #..#.# ...
#..#.#.#..
#####..#......
..........###..
###########


You could see 2 gnolls and a giant cockroach.

Vanquished Creatures
  2 ogres
  An iguana (D:4)
  2 gnolls (D:4)
  An ooze (D:1)
  2 worms (D:2)
  An orc (D:3)
  2 ball pythons (D:1)
  3 giant cockroaches
  A hobgoblin (D:3)
  3 jackals (D:3)
  A quokka (D:4)
  2 kobolds (D:1)
  3 rats
24 creatures vanquished.

Notes
Turn   | Place    | Note
-------+----------+-------------------------------------------
     0 | D:1      | emperorscorpion the Demonspawn Berserker began the quest
                  | for the Orb.
     0 | D:1      | Reached XP level 1. HP: 18/18 MP: 1/1
    83 | D:2      | Noticed an ogre
    87 | D:2      | Gained mutation: You have sharp toenails. [demonic
                  | ancestry]
    87 | D:2      | Reached XP level 2. HP: 21/24 MP: 2/2
    94 | D:2      | Killed an ogre
    94 | D:2      | Gained mutation: When hurt, damage is shared between your
                  | health and your magic reserves. [demonic ancestry]
    94 | D:2      | Reached XP level 3. HP: 4/30 MP: 3/3
    94 | D:2      | Gained mutation: You have razor-sharp toenails. [demonic
                  | ancestry]
    94 | D:2      | Reached XP level 4. HP: 5/37 MP: 4/4
   203 | D:1      | You fall into a shaft and drop 1 floor!
   343 | D:4      | Noticed an ogre
   382 | D:4      | Killed an ogre
   382 | D:4      | Reached XP level 5. HP: 12/43 MP: 0/5
   383 | D:4      | Reached ** piety under Trog
   385 | D:4      | HP: 2/64 [gnoll/+0 flail (9)]
   386 | D:4      | Slain by a gnoll

Levels and vault maps discovered:
D:1:      mrwooster_arrival_statue, layout_rooms
D:2:      layout_rooms, dk_yredelemnul_ordeal
D:3:      layout_loops_ring, first_ration, corner_web_ring
D:4:      minmay_spotlight, layout_basic, nicolae_ru_path_of_blood,
          nicolae_overflow_crystal_walls, minmay_temple_entry_proselytizer,
          ebering_ghost_disaster_area, serial_glass, glass_columns_a,
          glass_columns_a, glass_columns_a, glass_columns_c,
          chequers_serial_rivers_small_a, minmay_misc_feat_diagonals,
          corexii_checkpoint_a, minmay_ruined_shrine

Skill      XL: |  1  2  3  4 |
---------------+-------------+-----
Polearms       | 3 4 |  4.4
Armour         | 2 |  2.4
Dodging        | 2 |  2.3
Fighting       | 4 |  4.5
Stealth        | |  0.5

Action                   |  1- 3 |  4- 6 || total
-------------------------+-------+-------++-------
Melee: Spear             |    18 |    50 ||    68
       Kick              |       |    11 ||    11
Invok: Berserk           |     2 |     4 ||     6
  Use: Potion            |     1 |       ||     1
       Scroll            |       |     2 ||     2
 Stab: Sleeping          |     1 |       ||     1
  Eat: Chunk             |       |     3 ||     3
Armor: Leather armour    |       |     6 ||     6
Dodge: Dodged            |     8 |    20 ||    28

Table legend:
 A = Non-vault XP
 B = Vault XP
 C = Vault XP percentage of total XP
 D = Non-vault monster count
 E = Vault monster count
 F = Vault count percentage of total count
                 A         B        C        D         E       F
            +---------+---------+-------+---------+---------+-------
      Total |     349 |       0 |   0.0 |      24 |       0 |   0.0
            +---------+---------+-------+---------+---------+-------
        D:1 |      19 |       0 |   0.0 |       9 |       0 |   0.0
        D:2 |     121 |       0 |   0.0 |       3 |       0 |   0.0
        D:3 |      12 |       0 |   0.0 |       6 |       0 |   0.0
        D:4 |     197 |       0 |   0.0 |       6 |       0 |   0.0
            +---------+---------+-------+---------+---------+-------
